 Seeded DCSS version 0.28-a0-691-gad6df49e81 (webtiles) character file.

Game seed: 20211021 (custom seed)

22 a11behringer the Cudgeller (level 2, -1/25 HPs)
             Began as a Palentonga Berserker on Oct 21, 2021.
             Was a Follower of Trog.
             Killed from afar by Sigmund (10 damage)
             ... with a puff of flame
             ... on level 2 of the Dungeon.
             The game lasted 00:02:48 (424 turns).

a11behringer the Cudgeller (Palentonga Berserker)    Turns: 424, Time: 00:02:51

Health: -1/25      AC:  5    Str: 20    XL:     2   Next: 68%
Magic:  2/2        EV:  9    Int:  7    God:    Trog [*.....]
Gold:   15         SH:  5    Dex:  9    Spells: 1/1 levels left

rFire   . . .      SeeInvis +   a - +0 mace
rCold   . . .      Faith    .   (no shield)
rNeg    . . .      Spirit   .   b - +0 animal skin
rPois   .          Reflect  +   (no helmet)
rElec   .          Harm     .   e - +0 cloak
rCorr   .          Rampage  .   (no gloves)
Will    .....                   (no barding)
Stlth   +.........              c - amulet of reflection
HPRegen 0.08/turn               (no ring)
MPRegen 0.08/turn               (no ring)

@: on berserk cooldown, slowed, very slow
A: large, rugged brown scales 3, see invisible, deformed body, roll 1, armoured
tail
a: Rolling Charge, Renounce Religion, Berserk


You were on level 2 of the Dungeon.
You worshipped Trog.
Trog was aware of your devotion.
You visited 1 branch of the dungeon, and saw 2 of its levels.

You collected 15 gold pieces.

Inventory:

Hand Weapons
 a - a +0 mace (weapon)
Missiles
 f - 36 bolts
Armour
 b - a +0 animal skin (worn)
 e - a +0 cloak (worn)
 j - a +0 scale mail
 k - a +0 barding
Jewellery
 c - an amulet of reflection (around neck)
Scrolls
 d - a scroll of amnesia {unknown}
 h - 2 scrolls of teleportation {unknown}
 i - a scroll of identify {unknown}
Potions
 g - 2 potions of attraction {unknown}


   Skills:
 + Level 3.1 Fighting
 * Level 3.7 Maces & Flails
 + Level 1.6 Armour
 + Level 1.7 Dodging


You had one spell level left.
You didn't know any spells.
Your spell library was empty.

Dungeon Overview and Level Annotations

Branches:
Dungeon (2/15)

Altars:

Shops:
D:1 ?

Annotations:
D:2 Sigmund


Innate Abilities, Weirdness & Mutations

You are completely covered in rugged brown scales. (AC +3, +7% HP)
You have supernaturally acute eyesight. (SInv)
Armour fits poorly on your strangely shaped body.
You can roll at nearby foes to attack.
You have a long armoured tail.


Message History

A worm comes into view.
You feel a strong urge to attack something.
Sigmund hits you with a +0 scythe!
You sock Sigmund!
Sigmund is moderately wounded.
The endoplasm jiggles.
You barely miss Sigmund.
Sigmund is moderately wounded.
Sigmund whispers, "You'll know eternity soon."
Sigmund barely misses you.
You hit Sigmund.
Sigmund is heavily wounded.
You block the endoplasm's attack.
You sock Sigmund!
Sigmund is almost dead.
Sigmund casts a spell at you.
You are confused.
The endoplasm hits you but does no damage.
You're too confused to move!
Sigmund points at you and mumbles some strange words.
The magic dart hits you.
You feel a strong urge to attack something.
Sigmund barely misses you.
You are too berserk!
The endoplasm freezes you.
You are frozen.
You miss Sigmund.
Your tail-slap misses Sigmund.
Sigmund is almost dead.
You are no longer berserk.
You are exhausted.
You feel yourself slow down. Sigmund hits you but does no damage.
The endoplasm freezes you.
You are frozen.
You barely miss the endoplasm.
You feel less confused. The endoplasm freezes you.
You are frozen.
Sigmund points at you and mumbles some strange words.
The puff of flame hits you!
You die...

....## # ..... .# #.
.... ..# .
##.###..###.#.#P
##........[..#..≈
.....[.......... .
#...........# P≈≈
#.###......##..P≈♣
###....@.....##..P≈♣
.....w@.J....##...≈♣
.<..###..###......P≈ ♣
.##.(.............PP♣≈♣≈
#.#........###.#.P≈≈≈≈
#........###.#≈.P≈≈≈
#....##†..)....PPP≈P
..........#.#####P≈P.
###.....###.# #


You could see Sigmund (invisible), a worm and an endoplasm.

Vanquished Creatures
  An adder (D:2)
  2 ball pythons
  2 bats
  A giant cockroach (D:1)
  A goblin (D:2)
  2 hobgoblins (D:1)
  A frilled lizard (D:1)
  2 kobolds (D:1)
12 creatures vanquished.

Notes
Turn   | Place    | Note
-------+----------+-------------------------------------------
     0 | D:1      | a11behringer the Palentonga Berserker began the quest for
                  | the Orb.
     0 | D:1      | Reached XP level 1. HP: 19/19 MP: 1/1
   176 | D:1      | Found Gecead's Magic Scroll Emporium.
   252 | D:1      | Reached XP level 2. HP: 25/25 MP: 2/2
   406 | D:2      | Noticed Sigmund
   424 | D:2      | Killed from afar by Sigmund

Illustrated notes

Levels and vault maps discovered:
D:1:      denvon_arrival_waterhouse, layout_rooms, serial_shops, shop_statue,
          minmay_misc_feat_roman
D:2:      layout_loops_ring, hellmonk_ecumenical_altar_lost_god,
          serial_bayou_lagoon_a, uniq_sigmund

Action                   || total
-------------------------++-------
Melee: Mace              ||    36
       Tailslap          ||     5
Invok: Berserk           ||     1
Armor: Animal skin       ||    25
Dodge: Dodged            ||    19
Block: Other             ||    17

Table legend: (Time is in decaauts)
 A = Elapsed time spent in this place.
 B = Non-inter-level travel time spent in this place.
 C = Inter-level travel time spent in this place.
 D = Time resting spent in this place.
 E = Time spent auto-exploring this place.
 F = Levels seen in this place.
 G = Mean time per level.
                   A        B        C        D        E       F      G
               +--------+--------+--------+--------+--------+-----+--------+
         Total |    429 |    270 |    159 |      0 |    155 |   2 |  214.5 |
       Dungeon |    429 |    270 |    159 |      0 |    155 |   2 |  214.5 |
               +--------+--------+--------+--------+--------+-----+--------+

Top non-repeatable levels by time:
     D:1: 329 daAuts
     D:2: 100 daAuts
